 Dungeon Crawl Stone Soup version 0.17-a0-2093-gc772f4b (webtiles) character file.

44097 brucemayne the Executioner (level 14, 0/124 HPs)
             Began as a Hill Orc Berserker on Oct 16, 2015.
             Was a High Priest of Trog.
             Slain by a wind drake (8 damage)
             ... on level 2 of the Shoals.
             The game lasted 00:58:24 (10081 turns).

brucemayne the Executioner (Hill Orc Berserker)    Turns: 10081, Time: 00:58:25

Health: 0/124      AC: 25    Str: 22    XL:     14   Next: 27%
Magic:  14/14      EV:  8    Int: 13    God:    Trog [*****.]
Gold:   200        SH:  8    Dex: 10    Spells: 0 memorised, 13 levels left

rFire  + . .     SeeInvis .     Y - +2 broad axe (chop)
rCold  + . .     Clarity  .     V - +6 plate armour of Repulsion {rCorr}
rNeg   . . .     SustAt   .     s - +4 buckler of Weightlessness {Int+3}
rPois  .         Gourm    .     b - +1 hat {rC+}
rElec  .         Spirit   .     k - +0 cloak {MR+}
rCorr  +         Warding  .     S - +0 pair of gloves
rMut   .         Stasis   .     (no boots)
MR     ++++.                    G - amulet of resist corrosion
Stlth  ..........               r - ring of fire
                                N - ring of protection from cold

@: lethally poisoned (0 -> -2), exhausted, regenerating, slowed, very slow,
incredibly resistant to hostile enchantments, extremely unstealthy
A: no striking features
a: Burn Spellbooks, Berserk, Trog's Hand, Brothers in Arms, Renounce Religion


You were on level 2 of the Shoals.
You worshipped Trog.
Trog was extremely pleased with you.
You were very hungry.

You visited 6 branches of the dungeon, and saw 29 of its levels.
You also visited: Ice Cave and Volcano.

You collected 1326 gold pieces.
You spent 1126 gold pieces at shops.

Inventory:

Hand Weapons
 f - a +3 battleaxe of holy wrath
 l - a +2 executioner's axe of flaming
 A - a +3 war axe
 Q - a +1 war axe of flaming
 Y - a +2 broad axe of chopping (weapon)
Missiles
 j - 27 poisoned needles
 R - 9 steel javelins
 X - a throwing net (quivered)
Armour
 b - a +1 hat of cold resistance (worn)
 k - a +0 cloak of magic resistance (worn)
 s - the +4 buckler of Weightlessness (worn) {Int+3}
   (You found it on level 5 of the Dungeon)

   It affects your intelligence (+3).
 S - a +0 pair of gloves (worn)
 U - the +2 cloak of Beogh's Favour {-Cast rElec MP+9}
   (You bought it in a shop on level 4 of the Orcish Mines)

   It insulates you from electricity.
   It affects your magic capacity (+9).
   It prevents spellcasting.
 V - the +6 plate armour of Repulsion (worn) {rCorr}
   (You bought it in a shop on level 4 of the Orcish Mines)

   It protects you from acid and corrosion.
Jewellery
 r - a ring of fire (right hand)
 G - an amulet of resist corrosion (around neck)
 H - an uncursed amulet of rage {unknown}
 N - a ring of protection from cold (left hand)
Wands
 i - a wand of disintegration (8)
 n - a wand of digging (8)
 y - a wand of slowing (19)
 z - a wand of fireball (5)
 J - a wand of draining (14)
 O - a wand of random effects (15)
 Z - a wand of magic darts (26)
Scrolls
 d - 2 scrolls of identify
 g - a scroll of fog
 h - 4 scrolls of remove curse
 p - 4 scrolls of fear
 q - 2 scrolls of blinking
 u - 2 scrolls of teleportation
 x - a scroll of brand weapon {unknown}
 D - a scroll of enchant weapon
Potions
 a - 2 potions of heal wounds
 e - a potion of ambrosia
 o - a potion of lignification
 t - a potion of cure mutation
 w - a potion of curing
 C - a potion of magic
 E - 2 potions of brilliance
 F - a potion of resistance {unknown}
 I - 2 potions of berserk rage
 K - a potion of agility
 L - 2 potions of invisibility {unknown}
 M - a potion of might {unknown}
 P - 2 potions of flight {unknown}
 T - a potion of experience {unknown}
Books
 B - a book of Conjurations

   Spells                             Type                      Level
   a - Magic Dart                     Conjuration                  1
   b - Searing Ray                    Conjuration                  2
   c - Dazzling Spray                 Conjuration/Hexes            3
   d - Fulminant Prism                Conjuration/Hexes            4
   e - Iskenderun's Mystic Blast      Conjuration                  4
   f - Iskenderun's Battlesphere      Conjuration/Charms           5
   Trog disapproves of the use of such an item.
Comestibles
 c - 8 bread rations
 m - 7 chunks of flesh
 v - 8 meat rations
 W - a slice of pizza


   Skills:
 - Level 11.6 Fighting
 + Level 22.3 Axes
 + Level 11.7 Armour
 - Level 3.8 Dodging
 - Level 4.2 Shields


You had 13 spell levels left.
You didn't know any spells.

Dungeon Overview and Level Annotations

Branches:
Dungeon (13/15)            Temple (1/1) D:4            Lair (8/8) D:11
 Shoals (2/4) Lair:6        Slime (0/6) Lair:6          Orc (4/4) D:12
    Elf (1/3) Orc:4        Vaults (0/5) D:13
  Snake: Lair:3-6    Spider: Lair:3-6

Altars:
Elyvilon
Gozag
Kikubaaqudgha
Makhleb
Sif Muna
Trog
Yredelemnul
Zin
The Shining One
Beogh

Shops:
D:4 %   Orc:2 [   Orc:4 ::(*[   Shoals:1 ?   Shoals:2 (

Annotations:
D:12 exclusion: downstairs
D:13 Norris


Message History

You feel sick.
The sea snake bites you but does no damage.
Unknown command.
Your unstable footing causes you to fumble your attack.
The sea snake bites you.
* * * LOW HITPOINT WARNING * * *
Unknown command.
Unknown command.
Unknown command.
Unknown command.
Unknown command.
Unknown command.
Your plate armour of Repulsion prevents you from hitting the sea snake.
The sea snake is almost dead.
You closely miss the wind drake.
You are no longer berserk.
You are exhausted.
You feel yourself slow down.
You are feeling very hungry.
You feel sick. The wind drake bites you!
You die...

≈≈.≈....##.≈≈≈P
≈P≈≈..≈..#P≈≈≈≈
≈≈≈≈≈≈≈.PPP≈≈≈≈
≈≈≈≈≈≈.....≈≈
≈≈≈≈≈≈≈.(.PP
≈≈≈..≈≈...#
≈≈≈...Sk.# ≈
#@≈# ≈≈≈
##≈####.≈≈≈≈
#..<..≈≈≈≈≈
#.≈≈..≈≈≈≈≈
≈..≈≈≈≈≈≈≈≈≈≈
≈≈≈...≈≈≈≈≈≈≈≈≈
≈≈≈.≈≈≈≈≈≈≈≈≈≈≈≈
≈m≈.≈≈≈≈≈≈≈≈≈≈≈≈
≈≈..≈≈≈≈≈≈≈≈≈≈≈≈


You could see a sea snake and a wind drake.

Vanquished Creatures
  Fannar (Lair:1)
  The ghost of brucemayne the Severer, a journeyman HOBe of Trog (Orc:4)
  A hydra (Lair:6)
  Urug (Orc:3)
  An orc high priest (Orc:4)
  2 sea snakes
  An ice devil (IceCv)
  2 unseen horrors (D:11)
  2 ice statues (IceCv)
  Pikel (D:7)
  A hill giant (D:11)
  3 orc knights (Orc:4)
  An orc sorcerer (Orc:4)
  An ugly thing (Volcano)
  A water nymph (Shoals:2)
  A griffon (Lair:7)
  4 elephants (Lair:8)
  A toenail golem (Volcano)
  3 cyclopes
  Maurice (Orc:2)
  3 black mambas
  14 spiny frogs
  A molten gargoyle (Volcano)
  7 blue devils (IceCv)
  A komodo dragon (Lair:8)
  4 trolls
  A merfolk (Shoals:1)
  4 giant leeches (Lair:8)
  A trapdoor spider zombie (D:10)
  7 blink frogs (Lair:8)
  2 boulder beetles
  A spriggan (Lair:7)
  10 yaks
  3 fire elementals (Volcano)
  A water elemental (Shoals:1)
  3 deep elf magi
  2 wyverns
  7 vampire mosquitoes
  2 deep elf fighters (Elf:1)
  9 hippogriffs
  A steam dragon (D:9)
  A warg (Orc:4)
  Edmund (D:6)
  A basilisk (Lair:8)
  9 wolves
  4 water moccasins
  2 porcupines
  An ice beast (D:7)
  A swamp drake (Orc:3)
  The ghost of vatarom the Skirmisher, an amateur OgSk (D:4)
  3 slaves (D:7)
  2 phantoms (D:7)
  20 orc warriors
  2 sky beasts
  2 necrophages
  9 centaurs
  6 ogres
  A wasp (D:7)
  9 crocodiles
  16 giant frogs
  2 wyvern skeletons (D:9)
  A scorpion (D:7)
  9 killer bees
  8 wights
  2 crimson imps
  2 giant frog zombies
  9 hounds
  A quasit (D:11)
  3 centaur zombies
  18 orc priests
  2 centaur skeletons (D:10)
  10 electric eels
  A gnoll shaman (D:7)
  A jelly (Lair:6)
  A giant frog skeleton (D:9)
  Ijyb (D:2)
  An iron imp (Orc:3)
  17 orc wizards
  5 worker ants
  8 sheep
  A killer bee zombie (D:7)
  2 worker ant zombies
  A killer bee simulacrum (D:9)
  13 gnolls
  10 adders
  28 river rats
  20 white imps
  6 shadow imps
  7 ufetubi (IceCv)
  2 oozes (Lair:6)
  2 adder skeletons
  3 giant geckos
  147 orcs
  6 goblins
  5 hobgoblins
  9 jackals
  5 quokkas
  5 bats
  3 giant cockroaches
  A giant newt (D:4)
  A jackal zombie (D:7)
  6 kobolds
  2 quokka skeletons
  A quokka zombie (D:5)
  5 rats
  7 plants
605 creatures vanquished.

Vanquished Creatures (collateral kills)
  An orc warlord (Orc:4)
  A merfolk avatar (Shoals:1)
  An orc sorcerer (Orc:4)
  A manticore (Shoals:1)
  A siren (Shoals:1)
  A spiny frog (Lair:8)
  2 merfolk (Shoals:1)
  A giant leech (Lair:8)
  An orc warrior (Orc:4)
  An orc priest (Orc:4)
  3 orcs (Orc:4)
14 creatures vanquished.

Vanquished Creatures (others)
  An orc wizard (Orc:3)
  A river rat (Lair:1)
  2 white imps (IceCv)
  An ufetubus (IceCv)
  An orc (Orc:4)
  A fire vortex (Volcano)
  A fungus (Lair:8)
  4 plants
12 creatures vanquished.

Grand Total: 631 creatures vanquished

Notes
Turn   | Place    | Note
--------------------------------------------------------------
     0 | D:1      | brucemayne the Hill Orc Berserker began the quest for the Orb.
     0 | D:1      | Reached XP level 1. HP: 19/19 MP: 1/1
   162 | D:2      | Reached XP level 2. HP: 24/26 MP: 2/2
   200 | D:2      | Reached skill level 5 in Axes
   203 | D:2      | Reached XP level 3. HP: 31/31 MP: 3/3
   207 | D:2      | Reached skill level 6 in Axes
   222 | D:2      | Found an opulent altar of Gozag.
   275 | D:2      | Found a burning altar of Makhleb.
   275 | D:2      | Noticed a cacodemon
   301 | D:2      | Noticed Ijyb
   338 | D:2      | Killed Ijyb
   338 | D:2      | Reached XP level 4. HP: 20/39 MP: 4/4
   415 | D:2      | Reached ** piety under Trog
   568 | D:3      | Reached skill level 7 in Axes
   854 | D:4      | Reached XP level 5. HP: 45/45 MP: 5/5
   880 | D:4      | Found Ubbon's Food Emporium.
   905 | D:5      | Entered Level 5 of the Dungeon
  1005 | D:5      | Noticed an ogre
  1011 | D:5      | Reached skill level 8 in Axes
  1011 | D:5      | Reached *** piety under Trog
  1015 | D:5      | Killed an ogre
  1015 | D:5      | Reached XP level 6. HP: 51/51 MP: 6/6
  1069 | D:5      | Got a distressingly furry buckler
  1073 | D:5      | Noticed an ogre
  1085 | D:5      | Killed an ogre
  1085 | D:5      | Reached skill level 9 in Axes
  1101 | D:5      | Identified the +4 buckler of Weightlessness {Int+3} (You found it on level 5 of the Dungeon)
  1128 | D:4      | Found a staircase to the Ecumenical Temple.
  1140 | Temple   | Entered the Ecumenical Temple
  1193 | D:4      | Noticed vatarom's ghost (amateur OgSk)
  1206 | D:4      | Killed vatarom's ghost
  1206 | D:4      | Reached skill level 1 in Shields
  1206 | D:4      | Reached XP level 7. HP: 57/57 MP: 7/7
  1265 | D:4      | Found an ancient bone altar of Kikubaaqudgha.
  1536 | D:6      | Noticed Edmund
  1545 | D:6      | Killed Edmund
  1701 | D:7      | Reached skill level 5 in Armour
  1701 | D:7      | Reached XP level 8. HP: 39/64 MP: 8/8
  1734 | D:8      | Noticed a hill giant
  1734 | D:8      | Noticed a wyvern
  1743 | D:7      | Killed a wyvern
  1744 | D:7      | Reached skill level 10 in Axes
  1954 | D:7      | Reached skill level 5 in Fighting
  1990 | D:7      | Noticed Pikel
  2001 | D:7      | Reached skill level 11 in Axes
  2007 | D:7      | Killed Pikel
  2007 | D:7      | Reached skill level 12 in Axes
  2007 | D:7      | Reached XP level 9. HP: 28/75 MP: 9/9
  2027 | D:7      | Identified the Tome of Intoxication
  2503 | D:10     | Entered Level 10 of the Dungeon
  2534 | D:10     | Reached skill level 13 in Axes
  2880 | D:9      | Reached **** piety under Trog
  2886 | D:9      | Reached skill level 14 in Axes
  2886 | D:9      | Reached XP level 10. HP: 86/88 MP: 10/10
  3244 | D:11     | Found a white marble altar of Elyvilon.
  3297 | D:11     | Killed an unseen horror
  3297 | D:11     | Reached skill level 15 in Axes
  3414 | D:13     | Found a gate to the Vaults.
  3414 | D:13     | Noticed an orc knight
  3414 | D:13     | Noticed a hill giant
  3414 | D:13     | Noticed Norris
  3414 | D:13     | Noticed a cyan ugly thing
  3473 | D:12     | Noticed a cyclops
  3488 | D:11     | Noticed a centaur zombie
  3500 | D:11     | Killed a centaur zombie
  3531 | D:11     | Identified a scroll of acquirement
  3687 | D:12     | Reached skill level 16 in Axes
  3902 | D:12     | Noticed a cyclops
  4073 | D:11     | Killed an unseen horror
  4073 | D:11     | Reached skill level 17 in Axes
  4073 | D:11     | Reached XP level 11. HP: 65/97 MP: 11/11
  4109 | D:11     | Noticed a hill giant
  4122 | D:11     | Killed a hill giant
  4899 | D:11     | Found a staircase to the Lair.
  5074 | D:12     | Killed a cyclops
  5260 | D:12     | Reached skill level 18 in Axes
  5265 | D:12     | Reached skill level 10 in Fighting
  5288 | D:12     | Found a staircase to the Orcish Mines.
  5300 | Orc:1    | Entered Level 1 of the Orcish Mines
  5445 | Orc:2    | Reached ***** piety under Trog
  5531 | Orc:2    | Noticed Maurice
  5600 | Orc:2    | Killed Maurice
  5664 | Orc:2    | Found a dark tunnel.
  5682 | Volcano  | Entered a volcano
  6050 | Orc:4    | Entered Level 4 of the Orcish Mines
  6099 | Orc:4    | Found a frozen archway.
  6122 | IceCv    | Entered an ice cave
  6185 | IceCv    | Noticed an ice statue
  6185 | IceCv    | Noticed an ice statue
  6193 | IceCv    | Killed an ice statue
  6200 | IceCv    | Reached skill level 19 in Axes
  6300 | IceCv    | Killed an ice statue
  6300 | IceCv    | Reached XP level 12. HP: 70/108 MP: 12/12
  6513 | IceCv    | Noticed an ice devil
  6539 | IceCv    | Killed an ice devil
  6688 | Orc:4    | Noticed an orc knight
  6746 | Orc:4    | Noticed brucemayne's ghost (journeyman HOBe)
  6774 | Orc:4    | Killed brucemayne's ghost
  6854 | Orc:3    | Found a roughly hewn altar of Beogh.
  6953 | Orc:4    | Noticed an orc knight
  6980 | Orc:4    | Killed an orc knight
  6980 | Orc:4    | Reached skill level 20 in Axes
  7078 | Orc:4    | Killed an orc knight
  7094 | Orc:4    | Noticed an orc high priest
  7111 | Orc:4    | Killed an orc high priest
  7121 | Orc:4    | Noticed an orc warlord
  7130 | Orc:4    | Killed an orc warlord
  7210 | Orc:4    | Found a roughly hewn altar of Beogh.
  7229 | Orc:4    | Noticed an orc knight
  7258 | Orc:4    | Killed an orc knight
  7319 | Orc:4    | Found Nuodel's Antique Armour Emporium.
  7338 | Orc:4    | Found Qikk's Antique Weapon Emporium.
  7349 | Orc:4    | Found Wecoim's Book Shoppe.
  7361 | Orc:4    | Found Qifow's Book Emporium.
  7380 | Orc:4    | Found Jagidgh's General Store.
  7404 | Orc:4    | Bought a distressingly furry plate armour for 812 gold pieces
  7414 | Orc:4    | Identified the +6 plate armour of Repulsion {rCorr} (You bought it in a shop on level 4 of the Orcish Mines)
  7428 | Orc:4    | Found a staircase to the Elven Halls.
  7446 | Elf:1    | Entered Level 1 of the Elven Halls
  7542 | Orc:4    | HP: 1/110 [boulder beetle (29)]
  7709 | Orc:2    | Found a roughly hewn altar of Beogh.
  7723 | Orc:2    | Found Naoh's Armour Shop.
  7863 | Orc:4    | Bought a twisted cloak for 275 gold pieces
  7873 | Orc:4    | Identified the +2 cloak of Beogh's Favour {-Cast rElec MP+9} (You bought it in a shop on level 4 of the Orcish Mines)
  7934 | Orc:3    | Noticed Urug
  7949 | Orc:3    | Killed Urug
  7949 | Orc:3    | Reached XP level 13. HP: 93/116 MP: 13/13
  8173 | D:12     | Killed a cyclops
  8233 | Lair:1   | Entered Level 1 of the Lair of Beasts
  8380 | Lair:1   | Noticed Fannar
  8412 | Lair:1   | Killed Fannar
  8871 | Lair:6   | Received a gift from Trog
  8938 | Lair:6   | Reached skill level 21 in Axes
  8943 | Lair:6   | Found a staircase to the Shoals.
  9019 | Shoals:1 | Entered Level 1 of the Shoals
  9019 | Shoals:1 | Found Reomixt's Magic Scroll Boutique.
  9129 | Lair:6   | Found a staircase to the Slime Pits.
  9266 | Lair:7   | Reached ****** piety under Trog
  9272 | Lair:8   | Entered Level 8 of the Lair of Beasts
  9378 | Lair:8   | Reached skill level 10 in Armour
  9528 | Lair:8   | Received a gift from Trog
  9528 | Lair:8   | Reached XP level 14. HP: 53/124 MP: 14/14
  9578 | Lair:8   | Reached skill level 22 in Axes
  9704 | Lair:8   | Identified the Incunabulum of Cold
  9851 | Shoals:1 | Bought a scroll of teleportation for 39 gold pieces
 10024 | Shoals:2 | Found Doxkeas's Antique Weapon Shop.
 10081 | Shoals:2 | Slain by a wind drake

Vault maps used:
D:1:      dpeg_arrival_rooms_a
D:2:      grunt_gozag_statues, first_bread, makhleb_altar_promises_db, uniq_iyjb
D:3:      nrook_loot_triangle, uniq_natasha
D:4:      vehumet_statue, kiku_gazebo_garden_becter, lemuel_doored_altar,
          minmay_temple_entry_statues_pillars, serial_shops, shop,
          nicolae_shop_waterfront, fedhas_altar_fruit_tree
D:5:      wad_pebble_path, minitemple, vehumet_altar_wand_db
D:6:      lemuel_round_altar, lemuel_coloured_pillars_altar, uniq_edmund
D:7:      nicolae_overflow_crystal_walls, uniq_pikel
D:8:      hangedman_pestilent_swarm
D:9:      minmay_imperfect_grid, grunt_ministairs_10, yredelemnul_altar_generic
D:11:     lair_0_dummy, elyvilon_altar_5
D:12:     david_orc_4
D:13:     david_vaults_3, nicolae_ashenzari_panopticon
Temple:   chambers_temple_10
Lair:1:   beast_lair_carwin_large_2, special_room, serial_bayou_shore_a,
          uniq_fannar
Lair:2:   wad_woods_road_03, lemuel_fruit_fields, grunt_megastairs_4
Lair:3:   zaba_antful_of_joy
Lair:4:   guppyfry_snake_entry_garden
Lair:6:   elwin_shoals_entry_rocks, nicolae_slime_entry_slimehenge,
          disabler_island, uniq_nessos
Lair:7:   grunt_forest_large_clearing_hut
Lair:8:   minmay_lair_end_frog_pond, st_stairs_8, minmay_lair_oklob_bushes
Shoals:1: serial_shops, shop
Shoals:2: serial_shops, nicolae_shop_statue_plus, lightli_airlock
Orc:2:    basic_altar, serial_shops, shop, nicolae_volcano_entry_hallway,
          uniq_maurice
Orc:3:    basic_altar, special_room, nicolae_orc_pool_cavern,
          hangedman_minor_magic, uniq_urug
Orc:4:    grunt_orc_cross, portal_ice_cave_entry_imps, serial_shops,
          shop_fountains, rock_pile
Elf:1:    eino_elf_arrival_altar, special_room, hangedman_elf_disciples
IceCv:    ice_cave_small_demon
Volcano:  volcano_pools

Action                   |  1- 3 |  4- 6 |  7- 9 | 10-12 | 13-15 || total
-------------------------+-------+-------+-------+-------+-------++-------
Melee: Hand axe          |    53 |   129 |   308 |       |       ||   490
       Unarmed           |    13 |       |       |       |       ||    13
       War axe           |       |       |    85 |   908 |   410 ||  1403
       Broad axe         |       |       |       |       |   124 ||   124
Throw: Throwing net      |       |       |       |       |     2 ||     2
Invok: Berserk           |     1 |     5 |     8 |    13 |     6 ||    33
       Trog's Hand       |       |       |     6 |    31 |     7 ||    44
       Brothers in Arms  |       |       |       |     1 |     2 ||     3
Evoke: Wand              |       |       |       |     3 |     1 ||     4
  Use: Scroll            |       |       |     1 |    14 |     8 ||    23
       Potion            |       |       |       |     3 |       ||     3
 Stab: Distracted        |       |       |       |     1 |       ||     1
       Held in net/web   |       |       |       |       |     2 ||     2
  Eat: Chunk             |       |     6 |    10 |    22 |     9 ||    47
       Royal jelly       |       |       |     1 |       |       ||     1
       Bread ration      |       |       |     1 |     2 |       ||     3
       Beef jerky        |       |       |       |     1 |       ||     1
       Fruit             |       |       |       |     3 |       ||     3
       Pizza             |       |       |       |     1 |       ||     1
       Meat ration       |       |       |       |       |     1 ||     1
